 Dungeon Crawl Stone Soup version 0.29-a0-598-gd8304a5bf4 (webtiles) character file.

Game seed: 6233346705405008474

6484 greasedhog the Cleaver (level 10, -11/121 HPs)
             Began as a Black Draconian Berserker on June 16, 2022.
             Was a Priest of Trog.
             Mangled by a two-headed ogre
             ... wielding a +0 giant spiked club
              (17 damage)
             ... on level 9 of the Dungeon.
             The game lasted 00:16:13 (11203 turns).

greasedhog the Cleaver (Black Draconian Berserker) Turns: 11203, Time: 00:16:15

Health: -11/121    AC: 10    Str: 30    XL:     10   Next: 68%
Magic:  10/10      EV: 12    Int:  7    God:    Trog [***...]
Gold:   453        SH:  0    Dex: 11    Spells: 9/9 levels left

rFire   . . .      SeeInvis .   w - +3 executioner's axe (holy)
rCold   . . .      Faith    .   (shield currently unavailable)
rNeg    + . .      Spirit   .   (body armour unavailable)
rPois   .          Reflect  .   (helmet restricted)
rElec   +          Harm     .   x - +0 cloak
rCorr   .          Rampage  .   d - +1 pair of gloves
Will    ++...                   (no boots)
Stlth   ..........              (no amulet)
HPRegen 1.30/turn               n - +6 ring of strength
MPRegen 0.12/turn               b - ring of positive energy

@: berserking, lethally poisoned (-11 -> -12), short of breath, strong-willed,
regenerating, slowed
A: breathe lightning, AC +7, unfitting armour, electricity resistance,
cold-blooded
a: Breathe Lightning, Renounce Religion, Berserk, Trog's Hand


You were on level 9 of the Dungeon.
You worshipped Trog.
Trog was most pleased with you.
You visited 1 branch of the dungeon, and saw 9 of its levels.

You collected 518 gold pieces.
You spent 65 gold pieces at shops.

Inventory:

Hand Weapons
 w - a +3 executioner's axe of holy wrath (weapon)
 y - a +1 hand axe of flaming
Missiles
 i - 3 silver javelins
 r - 2 throwing nets (quivered)
Armour
 d - a +1 pair of gloves (worn)
 x - a +0 cloak (worn)
Jewellery
 b - a ring of positive energy (right hand)
 e - a ring of fire
 n - a +6 ring of strength (left hand)
 q - a ring of positive energy
Wands
 h - a wand of flame (12)
 s - a wand of digging (5)
 B - a wand of iceblast (4)
Scrolls
 a - a scroll of fear
 j - 2 scrolls of enchant armour
 u - a scroll of magic mapping
 v - 2 scrolls of teleportation
 A - a scroll of vulnerability
 C - a scroll of enchant weapon {unknown}
Potions
 c - a potion of flight {unknown}
 f - 5 potions of curing
 g - a potion of ambrosia {unknown}
 k - 3 potions of degeneration {unknown}
 l - 4 potions of magic {unknown}
 m - 4 potions of heal wounds
 o - a potion of mutation {unknown}
 p - 3 potions of attraction {unknown}
 t - 3 potions of lignification {unknown}
 z - a potion of resistance {unknown}


   Skills:
 * Level 5.1 Fighting
 * Level 14.0 Axes
 - Level 2.6 Dodging
 * Level 5.3 Stealth
 * Level 5.4 Evocations


You had 9 spell levels left.
You didn't know any spells.
Your spell library was empty.

Dungeon Overview and Level Annotations

Branches:
Dungeon (9/15)             Temple (0/1) D:5            Lair (0/6) D:8
    Orc (0/2) D:9

Altars:
Ashenzari
Dithmenos
Gozag
Makhleb
Okawaru
Qazlal
Ru
Sif Muna
Uskayaw
Vehumet
Wu Jian
Zin
The Shining One

Shops:
D:4 (   D:8 (   D:9 !


Innate Abilities, Weirdness & Mutations

You can breathe wild blasts of lightning.
Your glossy black scales are hard. (AC +7)
You cannot fit into any form of body armour.
You are resistant to electric shocks. (rElec)
You are cold-blooded and may be slowed by cold attacks.


Message History

You are poisoned.
You suddenly lose the ability to move!
You feel very sick.
You feel sick. The hornet completely misses you. The hornet stings you!
You feel yourself slow down.
You feel sick. The hornet stings you.
You feel as though you will be slow longer.
You can move again.
Your skin crawls.
You feel strong-willed.
You feel sick. The hornet stings you.
You feel as though you will be slow longer.
A shadow comes into view.
The hornet completely misses you. The two-headed ogre closely misses you.
The two-headed ogre barely misses you.
The orc warrior hits you from afar with a +0 trident.
The hornet stings you.
You are more poisoned.
You feel as though you will be slow longer.
A red film seems to cover your vision as you go berserk!
You feel yourself moving faster!
You feel mighty!
You feel very sick. The hornet barely misses you.
The orc warrior barely misses you.
The two-headed ogre hits you with a +0 giant spiked club!!
* * * LOW HITPOINT WARNING * * *
The two-headed ogre barely misses you.
The hornet stings you but does no damage.
You hit the two-headed ogre.
The two-headed ogre is lightly wounded.
You closely miss the hornet.
You feel very sick. The hornet stings you!
* * * LOW HITPOINT WARNING * * *
You feel as though you will be slow longer.
The orc warrior hits you from afar with a +0 trident!
* * * LOW HITPOINT WARNING * * *
The hornet stings you but does no damage.
The orc warrior misses you. The two-headed ogre barely misses you.
The two-headed ogre hits you with a +0 giant spiked club!
You die...

#..###.###.#
##......# #.#
#.....### #.# ##
#..#### #.# !#
#..# #.# #o #..#
#.# O# #..# #.#
#o##O.########.#
#.#.#oy@.........#
#..Wo############
#...#.# #....#...#
.... ....# ..#
.....# . ....#.#
.......# ####....#


You could see a two-headed ogre, a hornet, an orc warrior, a shadow and an orc
wizard.

Vanquished Creatures
  Erolcha (D:9)
  Maurice (D:9)
  Grinder (D:3)
  Sigmund (D:3)
  Eustachio (D:4)
  6 yaks
  2 wyverns
  Menkaure (D:4)
  Edmund (D:4)
  A warg (D:9)
  A water moccasin (D:6)
  2 orc warriors (D:9)
  A black bear (D:4)
  3 ice beasts
  2 sky beasts
  2 ogres (D:5)
  5 centaurs
  3 kobold brigands
  A bullfrog (D:5)
  3 scorpions
  9 killer bees
  A howler monkey (D:4)
  6 orc priests
  7 hounds
  Crazy Yiuf (D:5)
  4 jellies
  A gnoll shaman (D:7)
  5 iguanas
  8 orc wizards
  Natasha (thrice) (D:3)
  13 gnolls
  7 adders
  2 white imps
  2 ufetubi
  3 worms (D:2)
  The ghost of DocClef the Covert, a weakling GnDe (D:5)
  2 dart slugs
  20 orcs
  6 ball pythons
  8 endoplasms
  3 giant cockroaches
  10 goblins
  8 hobgoblins
  9 jackals
  3 quokkas
  3 training dummies (D:4)
  7 bats
  4 frilled lizards
  12 kobolds
  7 rats
214 creatures vanquished.

Vanquished Creatures (others)
  3 fungi (D:4)
  7 plants (D:5)
10 creatures vanquished.

Grand Total: 224 creatures vanquished

Notes
Turn   | Place    | Note
-------+----------+-------------------------------------------
     0 | D:1      | greasedhog the Draconian Berserker began the quest for the
                  | Orb.
     0 | D:1      | Reached XP level 1. HP: 19/19 MP: 1/1
   236 | D:1      | Reached XP level 2. HP: 26/26 MP: 2/2
   479 | D:1      | Reached skill level 4 in Axes
   805 | D:1      | Reached XP level 3. HP: 28/31 MP: 3/3
  1203 | D:1      | Found a faded altar of an unknown god.
  1553 | D:2      | Reached ** piety under Trog
  2253 | D:3      | Reached XP level 4. HP: 38/38 MP: 4/4
  2259 | D:3      | Reached skill level 5 in Axes
  2466 | D:3      | Found a broken altar of Ashenzari.
  2494 | D:3      | Found a burning altar of Makhleb.
  2586 | D:3      | Noticed Sigmund
  2601 | D:3      | Killed Sigmund
  2602 | D:3      | Reached skill level 6 in Axes
  2602 | D:3      | Reached XP level 5. HP: 39/45 MP: 5/5
  2602 | D:3      | Reached XP level 6. HP: 44/51 MP: 6/6
  2688 | D:3      | Noticed Grinder
  2710 | D:3      | Killed Grinder
  2711 | D:3      | Reached skill level 7 in Axes
  2890 | D:3      | Noticed Natasha
  2892 | D:3      | Found a shadowy altar of Dithmenos.
  2897 | D:3      | Killed Natasha
  2959 | D:3      | Noticed Natasha
  2974 | D:3      | Killed Natasha
  2975 | D:3      | Reached skill level 8 in Axes
  2975 | D:3      | Your scales start taking on a glossy black colour.
  2975 | D:3      | Reached XP level 7. HP: 32/57 MP: 7/7
  2975 | D:3      | Gained mutation: You are resistant to electric shocks.
                  | (rElec) [Black Draconian growth]
  3038 | D:3      | Noticed Natasha
  3100 | D:3      | Killed Natasha
  3439 | D:4      | Found a stormy altar of Qazlal.
  3444 | D:4      | Noticed Eustachio
  3477 | D:4      | Killed Eustachio
  3478 | D:4      | Reached skill level 9 in Axes
  3502 | D:4      | Noticed Menkaure
  3507 | D:4      | Killed Menkaure
  3930 | D:4      | Reached XP level 8. HP: 55/63 MP: 8/8
  4154 | D:4      | Reached skill level 10 in Axes
  4173 | D:4      | Noticed Edmund
  4186 | D:4      | Killed Edmund
  4451 | D:4      | Found Amitel's Firing Range.
  4671 | D:5      | Entered Level 5 of the Dungeon
  4865 | D:5      | Found a runed translucent door.
  4868 | D:5      | Noticed Crazy Yiuf
  4989 | D:5      | Found a glowing silver altar of Zin.
  5042 | D:5      | Found a staircase to the Ecumenical Temple.
  5180 | D:5      | Reached skill level 11 in Axes
  5745 | D:5      | Reached skill level 12 in Axes
  5781 | D:5      | Reached XP level 9. HP: 70/70 MP: 9/9
  5887 | D:5      | Found a runed translucent door.
  5888 | D:5      | Noticed DocClef's ghost (weakling GnDe)
  6153 | D:5      | Killed DocClef's ghost
  6261 | D:5      | Killed Crazy Yiuf
  6512 | D:6      | Reached *** piety under Trog
  6675 | D:6      | Found a hide-covered altar of Uskayaw.
  7067 | D:6      | Found an iron altar of Okawaru.
  7210 | D:6      | Reached skill level 13 in Axes
  7521 | D:7      | Reached skill level 1 in Stealth
  7521 | D:7      | Reached skill level 1 in Evocations
  8854 | D:7      | Found a shimmering blue altar of Sif Muna.
  8876 | D:7      | Identified a scroll of acquirement
  8877 | D:7      | Acquired a +3 executioner's axe of holy wrath
  9059 | D:8      | Found a radiant altar of Vehumet.
  9417 | D:8      | Found a staircase to the Lair.
  9422 | D:8      | Found Sutheu Xaga's Antique Weapon Emporium.
  9448 | D:8      | Found a sacrificial altar of Ru.
  9616 | D:8      | Reached XP level 10. HP: 77/77 MP: 10/10
  9630 | D:8      | Found a glowing golden altar of the Shining One.
  9826 | D:8      | Found an ornate altar of the Wu Jian Council.
 10305 | D:9      | Found an opulent altar of Gozag.
 10344 | D:9      | Noticed Erolcha
 10356 | D:9      | Killed Erolcha
 10612 | D:9      | Noticed Maurice
 10659 | D:9      | Found a staircase to the Orcish Mines.
 10688 | D:9      | Killed Maurice
 10690 | D:9      | Reached skill level 5 in Evocations
 10696 | D:9      | Reached skill level 5 in Stealth
 10916 | D:9      | Found Fugoza's Distillery.
 10920 | D:9      | Bought a potion of heal wounds for 65 gold pieces
 11090 | D:9      | Reached skill level 5 in Fighting
 11090 | D:9      | Reached skill level 14 in Axes
 11194 | D:9      | Noticed a two-headed ogre
 11198 | D:9      | Paralysed by a hornet for 3 turns
 11203 | D:9      | HP: 6/121 [orc warrior/+0 trident (10)]
 11203 | D:9      | Mangled by a two-headed ogre

Illustrated notes

Levels and vault maps discovered:
D:1:      shiori_arrival_elements, layout_basic,
          shapermc_ecumenical_altar_notcrosses, minmay_pentomino_v4
D:2:      layout_loops_ring
D:3:      layout_loops_cross, nicolae_dithmenos_the_darkroom,
          mainiacjoe_overflow_catwalk, lightli_temple_of_fire, uniq_natasha,
          uniq_grinder, uniq_sigmund
D:4:      layout_basic, mainiacjoe_overflow_brackets, serial_aquarium,
          aquarium_bridge_square [aquarium_subvault_bridge,
          aquarium_subvault_bridge, aquarium_subvault_window,
          aquarium_subvault_window], aquarium_window_1, aquarium_window_double,
          aquarium_window_2, aquarium_view_2a, aquarium_pool_2,
          grunt_ministairs_13, chequers_serial_rivers_marsh,
          nicolae_shop_firing_range, uniq_edmund, uniq_menkaure, uniq_eustachio
D:5:      layout_loops_corners, lemuel_doored_altar,
          minmay_temple_entry_gardened_gates, ebering_ghost_reflecting_pool,
          serial_glass, glass_columns_b, glass_columns_c, item_on_display_a,
          minmay_strange_pillars, minivault_24, minmay_puff,
          uniq_crazy_yiuf_cottage
D:6:      layout_loops_ring, okawaru_altar_gauntlet_db,
          mainiacjoe_overflow_boulevard, st_stairs_12
D:7:      layout_basic, lemuel_blue_sif_altar
D:8:      layout_loops_cross, nicolae_ru_awakened_eye,
          mainiacjoe_overflow_alcove_4, fiery_altar_vehumet,
          lemuel_crystal_altar, dpeg_oklobed_lair, serial_shops, shop
D:9:      layout_loops_ring, lemuel_round_altar, david_orc_3, serial_shops,
          shop, minmay_increasing_density, uniq_erolcha, uniq_maurice

Skill      XL: |  1  2  3  4  5  6  7  8  9 10 |
---------------+-------------------------------+-----
Axes           | 4 6 8 9 12 13 14 | 14.0
Stealth        | 3 5 |  5.3
Evocations     | 3 5 |  5.4
Fighting       | 5 |  5.1
Dodging        | |  2.6

Action                   |  1- 3 |  4- 6 |  7- 9 | 10-12 || total
-------------------------+-------+-------+-------+-------++-------
Melee: Hand axe          |    34 |       |   135 |       ||   169
       Tailslap          |    11 |    10 |    51 |    12 ||    84
       War axe           |    74 |    74 |   208 |       ||   356
       Punch             |     1 |       |     5 |       ||     6
       Executioner's axe |       |       |    44 |    75 ||   119
Invok: Trog's Hand       |       |     2 |     6 |     5 ||    13
       Berserk           |       |     2 |     4 |     4 ||    10
 Abil: Breathe Lightning |       |       |    10 |     3 ||    13
Evoke: Wand              |       |       |       |     5 ||     5
  Use: Scroll            |     3 |     1 |     6 |     3 ||    13
       Potion            |       |       |     1 |       ||     1
 Stab: Sleeping          |     1 |       |     1 |       ||     2
Armor: Skin              |    38 |    24 |   135 |    39 ||   236
Dodge: Dodged            |    62 |    46 |   253 |    55 ||   416

Table legend: (Time is in decaauts)
 A = Elapsed time spent in this place.
 B = Non-inter-level travel time spent in this place.
 C = Inter-level travel time spent in this place.
 D = Time resting spent in this place.
 E = Time spent auto-exploring this place.
 F = Levels seen in this place.
 G = Mean time per level.
                   A        B        C        D        E       F      G
               +--------+--------+--------+--------+--------+-----+--------+
         Total |  11283 |  10891 |    392 |    633 |   8534 |   9 | 1253.7 |
       Dungeon |  11283 |  10891 |    392 |    633 |   8534 |   9 | 1253.7 |
               +--------+--------+--------+--------+--------+-----+--------+

Top non-repeatable levels by time:
     D:5: 1742 daAuts
     D:8: 1622 daAuts
     D:7: 1531 daAuts
     D:1: 1352 daAuts
     D:4: 1338 daAuts
     D:3: 1239 daAuts
     D:6: 922 daAuts
     D:2: 812 daAuts
     D:9: 721 daAuts
